 Dungeon Crawl Stone Soup version 0.29.0-13-gc9e81de378 (webtiles) character file.

Game seed: 15837579174003921116

10680 SensoryNuts the Carver (level 11, -15/86 HPs)
             Began as a Demonspawn Fighter on Sept 8, 2022.
             Demolished by a sun demon (16 damage)
             ... on level 11 of the Dungeon.
             The game lasted 00:14:34 (9271 turns).

SensoryNuts the Carver (Demonspawn Fighter)         Turns: 9271, Time: 00:14:34

Health: -15/86     AC: 20    Str: 16    XL:     11   Next: 39%
Magic:  9/9        EV: 10    Int: 14    God:
Gold:   531        SH:  7    Dex: 15    Spells: 10/10 levels left

rFire   . . .      SeeInvis .   a - +3 long sword (vamp)
rCold   . . .      Faith    .   c - +1 buckler
rNeg    . . .      Spirit   .   r - +0 plate armour
rPois   +          Reflect  .   e - +0 helmet
rElec   .          Harm     .   (no cloak)
rCorr   .          Rampage  .   u - +0 pair of gloves
Will    +....                   i - +0 pair of boots
Stlth   ..........              h - amulet of regeneration
HPRegen 1.04/turn               k - ring of poison resistance
MPRegen 0.11/turn               b - +4 ring of evasion

@: mighty
A: hooves 1, yellow scales 2, powered by pain 1, spiny 1, clever 1, low MP 1,
strong-willed 1
a: no special abilities


You were on level 11 of the Dungeon.
You visited 3 branches of the dungeon, and saw 13 of its levels.

You collected 668 gold pieces.
You spent 137 gold pieces at shops.

Inventory:

Hand Weapons
 a - a +3 vampiric long sword (weapon)
 B - the +8 falchion "Qelaon" {venom, Str+4}
   (You took it off an orc priest on level 7 of the Dungeon)

   It poisons the flesh of those it strikes.
   Str:       It affects your strength (+4).
Missiles
 m - 3 throwing nets (quivered)
Armour
 c - a +1 buckler (worn)
 e - a +0 helmet (worn)
 i - a +0 pair of boots (worn)
 o - +0 steam dragon scales
 r - a +0 plate armour (worn)
 u - a +0 pair of gloves (worn)
Jewellery
 b - a +4 ring of evasion (right hand)
 h - an amulet of regeneration (around neck)
 k - a ring of poison resistance (left hand)
 l - an amulet of magic regeneration
 v - an amulet of faith
Wands
 d - a wand of flame (17)
 s - a wand of paralysis (8)
 A - a wand of polymorph (16)
 D - a wand of mindburst (23)
Scrolls
 f - 4 scrolls of teleportation
 p - a scroll of identify
 y - 2 scrolls of vulnerability
 C - a scroll of summoning
 F - 2 scrolls of fog
Potions
 g - a potion of ambrosia
 j - 2 potions of mutation
 n - 3 potions of flight
 q - 2 potions of magic
 t - 5 potions of curing
 z - 2 potions of lignification


   Skills:
 + Level 7.9 Fighting
 + Level 10.7 Long Blades
 + Level 7.9 Armour
 + Level 4.8 Dodging
 + Level 1.6 Stealth
 + Level 6.7 Shields


You had 10 spell levels left.
You didn't know any spells.
Your spell library contained the following spells:

 Spells                   Type           Power      Damage    Failure   Level
 Beastly Appendage        Tmut           0%         N/A       100%        1
 Blink                    Tloc           0%         N/A       100%        2
 Ensorcelled Hibernation  Hex/Ice        0%         N/A       100%        2
 Wereblood                Tmut           0%         N/A       100%        2
 Gell's Gravitas          Tloc           0%         N/A       100%        3
 Portal Projectile        Hex/Tloc       0%         N/A       100%        3
 Spider Form              Tmut/Pois      0%         N/A       100%        3
 Teleport Other           Tloc           0%         N/A       100%        3
 Tukima's Dance           Hex            0%         N/A       100%        3
 Anguish                  Hex/Necr       0%         N/A       100%        4
 Blade Hands              Tmut           0%         N/A       100%        5
 Manifold Assault         Tloc           0%         N/A       100%        5
 Dispersal                Tloc           0%         N/A       100%        6
 Storm Form               Tmut/Air       0%         N/A       100%        7


Dungeon Overview and Level Annotations

Branches:
Dungeon (11/15)            Temple (1/1) D:7            Lair (0/5) D:9
    Orc (1/2) D:11

Altars:
Ashenzari
Cheibriados
Dithmenos
Fedhas
Gozag
Hepliaklqana
Kikubaaqudgha
Makhleb
Nemelex Xobeh
Okawaru
Qazlal
Ru
Sif Muna
Trog
Uskayaw
Vehumet
Wu Jian
Xom
Yredelemnul

Shops:
D:4 *   D:5 *   D:8 =*   D:9 *

Annotations:
D:7 2 transporters, dang3rdave's ghost, novice DjAr
D:9 2 transporters


Innate Abilities, Weirdness & Mutations

You have large cloven feet.
You are mostly covered in yellow scales. (AC +3)
You sometimes gain a little power by taking damage.
You are partially covered in sharp spines.
Your mind is acute. (Int +4, Str/Dex -1)
Your magical capacity is low. (-10% MP)
You are strong-willed. (Will+)


Message History

a +0 war axe; an orc corpse
Found a long sword.
Found 4 poisoned darts.
You hit the sun demon.
The sun demon is lightly wounded.
The sun demon hits you.
You are engulfed in flames!
You slash the sun demon!
The sun demon is moderately wounded.
The sun demon hits you!
You focus on the pain.
You feel very mighty all of a sudden.
You are engulfed in flames!
You hit the sun demon.
The sun demon is heavily wounded.
You block the sun demon's attack.
You closely miss the sun demon.
The sun demon is heavily wounded.
The sun demon hits you!
You are engulfed in flames!
* * * LOW HITPOINT WARNING * * *
The sun demon closely misses you.
You hit the sun demon but do no damage.
The sun demon is heavily wounded.
You block the sun demon's attack.
You slash the sun demon!
The sun demon is severely wounded.
The sun demon is struck by your spines. The sun demon hits you!
* * * LOW HITPOINT WARNING * * *
You are engulfed in flames!
* * * LOW HITPOINT WARNING * * *
You hit the sun demon.
The sun demon is almost dead.
The sun demon hits you but does no damage.
You completely miss the sun demon.
The sun demon is almost dead.
The sun demon hits you but does no damage.
You barely miss the sun demon.
The sun demon is almost dead.
The sun demon hits you.
* * * LOW HITPOINT WARNING * * *
You are engulfed in flames!
You die...

#..## ##.......... . ##...#
##... #.....[. ..
###....##.... #.......
...#.......)..# #.......
.............# ##.)###..
#...........## #..># #..
#............#####.)## ##.
###...~....3#.....##..##
##. ...~~~~P.##@..##.....#
###.. ..
..~~~..###..######.........
... #P§~~.?.#...#
#......... ..#
#§§~~≈♣....## #......###
..# #.PP~......# #....### #
..# ##.......... ..##......
..#####.......##.( .##
..#### .............###.#
.# ..# # .............##...
#


You could see a sun demon.

Vanquished Creatures
  Harold (D:9)
  An orc knight (D:11)
  Pikel (D:5)
  The ghost of Ofeo the Digger, a novice MeEE (D:6)
  A kobold demonologist (D:10)
  An unseen horror skeleton (D:6)
  Sigmund (D:5)
  2 shadows
  A wraith (D:10)
  13 yaks
  Eustachio (D:6)
  A wyvern (D:10)
  4 steam dragons
  Grum (D:8)
  Menkaure (D:6)
  Edmund (D:6)
  2 black bears
  4 orc warriors
  A sky beast (D:6)
  3 wolves
  2 ogres
  5 centaurs
  6 bullfrogs
  3 kobold brigands
  Blork the orc (D:6)
  3 scorpions
  A gnoll sergeant (D:9)
  A wyvern zombie (D:6)
  12 wights
  11 killer bees
  5 howler monkeys
  2 spectral centaurs (D:6)
  2 bullfrog zombies (D:6)
  A quasit (D:10)
  2 hounds (D:5)
  A jelly (D:6)
  A gnoll bouda (D:7)
  4 orc priests
  An iguana (D:5)
  A bullfrog skeleton (D:6)
  8 orc wizards
  2 howler monkey skeletons (D:6)
  A howler monkey zombie (D:6)
  6 adders
  9 gnolls
  2 ufetubi (D:5)
  2 worms
  4 dart slugs
  31 orcs
  4 ball pythons
  9 endoplasms
  5 giant cockroaches
  6 goblins
  9 hobgoblins
  5 jackals
  19 kobolds
  5 quokkas
  5 bats
  3 frilled lizards
  3 rats
245 creatures vanquished.

Vanquished Creatures (others)
  An ogre (D:6)
  An adder (D:6)
  A shadow imp (D:6)
  6 demonic plants (D:11)
  2 fungi (D:9)
  4 plants
15 creatures vanquished.

Grand Total: 260 creatures vanquished

Notes
Turn   | Place    | Note
-------+----------+-------------------------------------------
     0 | D:1      | SensoryNuts the Demonspawn Fighter began the quest for the
                  | Orb.
     0 | D:1      | Reached XP level 1. HP: 18/18 MP: 1/1
   294 | D:1      | Gained mutation: You are partially covered in yellow
                  | scales. (AC +2) [demonic ancestry]
   294 | D:1      | Reached XP level 2. HP: 20/24 MP: 2/2
   524 | D:1      | Reached skill level 2 in Long Blades
   813 | D:1      | Identified a scroll of acquirement
   813 | D:1      | Acquired an amulet of regeneration
   836 | D:2      | Reached XP level 3. HP: 29/29 MP: 3/3
  1165 | D:2      | Gained mutation: You have large cloven feet. [demonic
                  | ancestry]
  1165 | D:2      | Reached XP level 4. HP: 35/35 MP: 4/4
  2200 | D:3      | Reached skill level 3 in Long Blades
  2528 | D:4      | Found Roskihydo's Assorted Antiques.
  2796 | D:4      | Found an opulent altar of Gozag.
  3009 | D:5      | Entered Level 5 of the Dungeon
  3013 | D:5      | Noticed an ogre
  3022 | D:5      | Killed an ogre
  3023 | D:5      | Reached skill level 1 in Dodging
  3023 | D:5      | Reached XP level 5. HP: 36/42 MP: 5/5
  3024 | D:5      | Noticed Sigmund
  3036 | D:5      | Killed Sigmund
  3037 | D:5      | Reached skill level 4 in Long Blades
  3037 | D:5      | Reached XP level 6. HP: 41/48 MP: 6/6
  3416 | D:5      | Gained mutation: You are partially covered in sharp spines.
                  | [demonic ancestry]
  3416 | D:5      | Reached XP level 7. HP: 55/55 MP: 7/7
  3472 | D:5      | Found Meriag's Merry Market.
  3478 | D:5      | Reached skill level 5 in Long Blades
  3486 | D:5      | Bought a potion of mutation for 88 gold pieces
  3486 | D:5      | Gained mutation: Your magical capacity is low. (-10% MP)
                  | [potion of mutation]
  3486 | D:5      | Gained mutation: Your mind is acute. (Int +4, Str/Dex -1)
                  | [potion of mutation]
  3486 | D:5      | Gained mutation: You are strong-willed. (Will+) [potion of
                  | mutation]
  3514 | D:5      | Noticed Pikel
  3530 | D:5      | Killed Pikel
  3531 | D:5      | Gained mutation: You sometimes gain a little power by
                  | taking damage. [demonic ancestry]
  3531 | D:5      | Reached XP level 8. HP: 45/61 MP: 7/7
  4040 | D:5      | Reached skill level 5 in Armour
  4275 | D:4      | Bought a lumpy puce potion for 23 gold pieces
  4275 | D:4      | Bought a scroll labelled BINWIA IBREAG for 26 gold pieces
  4445 | D:6      | Found a runed translucent gate.
  4537 | D:6      | Reached skill level 6 in Long Blades
  4598 | D:6      | Reached skill level 5 in Fighting
  4712 | D:6      | Noticed Eustachio
  4751 | D:6      | Killed Eustachio
  4780 | D:6      | Noticed Edmund
  4808 | D:6      | Killed Edmund
  4809 | D:6      | Reached skill level 7 in Long Blades
  4809 | D:6      | Reached XP level 9. HP: 67/68 MP: 8/8
  4816 | D:6      | Noticed Menkaure
  4821 | D:6      | Killed Menkaure
  5125 | D:6      | Found a runed translucent gate.
  5125 | D:6      | Found a runed translucent gate.
  5191 | D:6      | Noticed Blork the orc
  5201 | D:6      | Killed Blork the orc
  5244 | D:6      | Noticed Ofeo's ghost (novice MeEE)
  5255 | D:6      | Reached skill level 5 in Shields
  5264 | D:6      | Killed Ofeo's ghost
  5265 | D:6      | Reached skill level 8 in Long Blades
  5417 | D:7      | Found a transporter.
  5418 | D:7      | Noticed a cyclops
  5421 | D:7      | Noticed dang3rdave's ghost (novice DjAr)
  5434 | D:7      | Found a staircase to the Ecumenical Temple.
  5476 | D:7      | Identified the +8 falchion "Qelaon" {venom, Str+4}
  5508 | Temple   | Entered the Ecumenical Temple
  5678 | D:7      | Noticed a troll
  5743 | D:7      | Noticed a manticore
  5876 | D:7      | Found a transporter.
  6066 | D:7      | Gained mutation: You are mostly covered in yellow scales.
                  | (AC +3) [demonic ancestry]
  6066 | D:7      | Reached XP level 10. HP: 61/77 MP: 9/9
  6308 | D:8      | Reached skill level 9 in Long Blades
  6455 | D:8      | Found Umiteheg's Assorted Antiques.
  6457 | D:8      | Found Aroqiere's Jewellery Shoppe.
  6888 | D:9      | Noticed Harold
  6928 | D:8      | Noticed Grum
  7048 | D:8      | Killed Grum
  7201 | D:9      | Killed Harold
  7202 | D:9      | Reached skill level 1 in Stealth
  7326 | D:9      | Reached skill level 10 in Long Blades
  7426 | D:9      | Noticed a fire crab
  7436 | D:9      | Found a transporter.
  7439 | D:9      | Noticed an orc sorcerer
  7590 | D:9      | Reached XP level 11. HP: 84/84 MP: 9/9
  7644 | D:9      | Found a staircase to the Lair.
  7681 | D:9      | Found an ancient bone altar of Kikubaaqudgha.
  7681 | D:9      | Found a hide-covered altar of Uskayaw.
  7682 | D:9      | Found a shimmering blue altar of Sif Muna.
  7683 | D:9      | Found a snail-covered altar of Cheibriados.
  7683 | D:9      | Found a shadowy altar of Dithmenos.
  7684 | D:9      | Found a broken altar of Ashenzari.
  7685 | D:9      | Found an ornate altar of the Wu Jian Council.
  7685 | D:9      | Found a burning altar of Makhleb.
  7687 | D:9      | Found a stormy altar of Qazlal.
  7687 | D:9      | Found a sparkling altar of Nemelex Xobeh.
  7724 | D:9      | Found Mioth's General Store.
  7727 | D:9      | Found a transporter.
  8045 | D:10     | Entered Level 10 of the Dungeon
  8858 | D:11     | Noticed a brown ugly thing
  8880 | D:11     | HP: 4/86 [something (22)]
  8991 | D:11     | Noticed a sun demon
  9010 | D:11     | Found a staircase to the Orcish Mines.
  9082 | Orc:1    | Entered Level 1 of the Orcish Mines
  9090 | Orc:1    | Noticed an orc knight
  9146 | D:11     | Killed an orc knight
  9268 | D:11     | HP: 4/86 [sun demon (13)]
  9271 | D:11     | HP: 1/86 [sun demon (6)]
  9271 | D:11     | Demolished by a sun demon

Illustrated notes

Levels and vault maps discovered:
D:1:      minmay_arrival_checkered_box, layout_basic
D:2:      layout_basic
D:3:      layout_rooms, nicolae_titane
D:4:      layout_rooms, kennysheep_little_box, serial_corexii_hall,
          corexii_hall_statues_x, chequers_hall_statues_wall_a,
          corexii_hall_statues_t, corexii_hall_statues_u, serial_shops,
          nicolae_take_the_stairs
D:5:      layout_layer_cave, nicolae_alphabet_shops, uniq_pikel, uniq_sigmund
D:6:      layout_basic, gammafunk_ghost_necromancy, serial_undead,
          serial_undead_a, serial_undead_d, serial_undead_c, serial_undead_d,
          minmay_diced_spiral, uniq_eustachio, uniq_edmund, uniq_blork_the_orc,
          uniq_menkaure, uniq_maggie
D:7:      layout_basic, minmay_temple_entry_offerings, nzn_ghost_randoct
D:8:      layout_rooms, serial_shops, nicolae_shop_overgrown_old_shop,
          corexii_checkpoint_a, minmay_shop_enchanted_jewellery,
          corexii_hall_statues_i, uniq_grum
D:9:      gammafunk_wand_slinger, layout_irregular_city,
          nicolae_overflows_in_rows, grunt_lair_entry_orc_guard_hut,
          serial_shops, nicolae_shop_competitors_out_of_business, uniq_harold
D:10:     layout_basic
D:11:     layout_layer_cave, orc_0_dummy, serial_demonic, serial_demonic_f,
          serial_demonic_c, serial_demonic_b, serial_demonic_d,
          nicolae_ru_great_annihilating_truth
Temple:   hellmonk_temple_flake
Orc:1:    layout_caves, mines1_david

Skill      XL: |  1  2  3  4  5  6  7  8  9 10 |
---------------+-------------------------------+-----
Shields        | 3 4 5 6 |  6.7
Long Blades    | 2 3 4 5 7 8 10 | 10.7
Armour         | 3 4 5 6 7 |  7.9
Dodging        | 1 2 3 4 |  4.8
Fighting       | 4 5 6 7 |  7.9
Stealth        | 1 |  1.6

Action                   |  1- 3 |  4- 6 |  7- 9 | 10-12 || total
-------------------------+-------+-------+-------+-------++-------
Melee: Long sword        |   123 |   156 |   276 |   421 ||   976
  Use: Scroll            |     7 |     7 |     5 |     7 ||    26
       Potion            |       |     1 |     2 |    12 ||    15
 Stab: Sleeping          |       |       |       |     1 ||     1
Armor: Scale mail        |    88 |   102 |   121 |   126 ||   437
       Steam dragon scal |       |       |       |    27 ||    27
       Plate armour      |       |       |       |     2 ||     2
Dodge: Dodged            |    50 |    95 |   140 |   215 ||   500
Block: Buckler           |    34 |    49 |    83 |   162 ||   328
